 Dungeon Crawl Stone Soup version 0.30.0 (webtiles) character file.

Game seed: 12804962180116436221

14 Meow the Conjurer (level 2, 22/22 HPs)
             Began as a Naga Conjurer on Dec 20, 2023.
             Quit the game on level 1 of the Dungeon.
             The game lasted 00:01:14 (872 turns).

Meow the Conjurer (Naga Conjurer)                    Turns: 872, Time: 00:01:14

Health: 22/22      AC:  1    Str:  9    XL:     2   Next: 45%
Magic:  5/5        EV:  9    Int: 18    God:
Gold:   47         SH:  0    Dex:  9    Spells: 4/5 levels left

rFire   . . .        a - +0 mace
rCold   . . .        (no shield)
rNeg    . . .        f - +0 robe
rPois   +            (no helmet)
rElec   .            (no cloak)
rCorr   .            (no gloves)
SInv    +            (no barding)
Will    .....        (no amulet)
Stlth   ++           (no ring)
HPRegen 0.23/turn    (no ring)
MPRegen 0.09/turn

%: no passive effects
@: very slow
A: AC +0, large, see invisible, deformed body, poison resistance, slowness 2,
spit poison 1, naga tail 1
a: Spit Poison


You were on level 1 of the Dungeon.
You visited 1 branch of the dungeon, and saw 1 of its levels.

You collected 47 gold pieces.

Inventory:

Hand Weapons
 a - a +0 mace (weapon)
Missiles
 e - 4 atropa-tipped darts
 h - 4 boomerangs
Armour
 f - a +0 robe (worn)
Scrolls
 c - 3 scrolls of amnesia {unknown}
 d - a scroll of teleportation {unknown}
 g - a scroll of fear {unknown}
Potions
 b - a potion of magic


   Skills:
 - Level 1.5 Dodging
 - Level 3.0 Stealth
 + Level 2.4 Spellcasting
 + Level 4.3 Conjurations


You had 4 spell levels left.
You knew the following spells:

 Your Spells              Type           Power      Damage    Failure   Level
a - Magic Dart            Conj           68%        1d6       3%          1

Your spell library contained the following spells:

 Spells                   Type           Power      Damage    Failure   Level
 Searing Ray              Conj           34%        2d5       4%          2
 Dazzling Flash           Conj/Hex       18%        N/A       22%         3
 Fulminant Prism          Conj/Hex       4%         3d5       56%         4
 Iskenderun's Mystic Bla  Conj/Tloc      9%         2d4       56%         4


Dungeon Overview and Level Annotations

Branches:
Dungeon (1/15)

Altars:


Innate Abilities, Weirdness & Mutations

Your serpentine skin is tough. (AC +0)
You have supernaturally acute eyesight. (SInv)
Armour fits poorly on your strangely shaped body.
Your system is resistant to poisons. (rPois)
You cover ground very slowly.
You can spit poison.
You have a snake-like lower body.


Message History

Aim: a quokka (asleep, 100% to hit)
The magic dart hits the quokka.
The quokka is heavily wounded.
Casting: Magic Dart (safe; 3% risk of failure)
Confirm with . or Enter, or press ? or * to list all spells.
Aiming: Magic Dart (safe; 3% risk of failure)
Press: ? - help, Shift-Dir - straight line, f/p - quokka
Aim: a quokka (heavily wounded, 100% to hit)
The magic dart hits the quokka.
The quokka is almost dead.
Aiming: Spit Poison (2% risk of failure)
Press: ? - help, Shift-Dir - straight line, f/p - quokka
Aim: a quokka (almost dead, 45% to hit)
The splash of poison hits the quokka.
The quokka is poisoned.
You kill the quokka!
Unknown command.
You start resting.
You have got your breath back.
You start resting.
Magic restored.
You now have 47 gold pieces (gained 18).
There is an open door here.
You open the door.
There is an open door here.
There is an open door here.
As you open the door, it creaks loudly!
There is an open door here.
Found a scale mail.
A bat comes into view.
Aiming: Spit Poison (2% risk of failure)
Press: ? - help, Shift-Dir - straight line, f - bat
Aim: a bat (asleep, 100% to hit)
The splash of poison hits the bat.
The bat is poisoned.
You kill the bat!
Unknown command.
You start waiting.
You have got your breath back.
Found a stone staircase leading down.
Okay, then.
Are you sure you want to abandon this character and quit the game? (Confirm with "yes".)

#.. #.. #.. ########## #..
#......... #.. #.##########
# #.. #.#.........
....#..##.#.########
>......@.†..[..#####
......###.#.........
..........#.......#
.....###.......##.#
####.#....#.#..# #
#######.#....#.#..#
#.......#....#.#..#
#.....[.##...#.#..# ###
#............#.############


There were no monsters in sight!

Vanquished Creatures
  4 ball pythons (D:1)
  2 bats (D:1)
  3 goblins (D:1)
  2 quokkas (D:1)
  3 rats (D:1)
14 creatures vanquished.

Notes
Turn   | Place    | Note
-------+----------+-------------------------------------------
     0 | D:1      | Meow the Naga Conjurer began the quest for the Orb.
     0 | D:1      | Reached XP level 1. HP: 15/15 MP: 3/3
   334 | D:1      | Reached XP level 2. HP: 22/22 MP: 1/5
   872 | D:1      | Quit the game

Illustrated notes

Levels and vault maps discovered:
D:1:      evilmike_arrival_rings, layout_basic

Action                     || total
---------------------------++-------
   Cast: Magic Dart        ||    14
Ability: Spit Poison       ||     6
